 Dungeon Crawl Stone Soup version 0.28.0-43-g3370ac3207 (webtiles) character file.

Game seed: 7323870173045178791

58 Pemander the Vexing (level 3, -1/16 HPs)
             Began as a Spriggan Enchanter on Mar 22, 2022.
             Slain by a rat (3 damage)
             ... on level 2 of the Dungeon.
             The game lasted 00:05:38 (1880 turns).

Pemander the Vexing (Spriggan Enchanter)            Turns: 1880, Time: 00:05:39

Health: -1/16      AC:  2    Str:  5 (6)  XL:     3   Next: 75%
Magic:  9/9        EV: 17    Int: 15 (16) God:
Gold:   39         SH:  0    Dex: 12 (15) Spells: 5/10 levels left

rFire   . . .      SeeInvis +   k - +0 dagger (freeze)
rCold   . . .      Faith    .   (no shield)
rNeg    . . .      Spirit   .   b - +0 robe
rPois   .          Reflect  .   (helmet restricted)
rElec   .          Harm     .   (no cloak)
rCorr   .          Rampage  .   (gloves unavailable)
Will    .....                   (boots unavailable)
Stlth   +++.......              (no amulet)
HPRegen 0.05/turn               (no ring)
MPRegen 0.11/turn               (no ring)

@: invisible, very quick
A: very small, no large weapons, unfitting armour, see invisible, speed 3
a: no special abilities


You were on level 2 of the Dungeon.
You visited 1 branch of the dungeon, and saw 2 of its levels.

You collected 39 gold pieces.

Inventory:

Hand Weapons
 a - a +1 dagger
 k - a +0 dagger of freezing (weapon)
Armour
 b - a +0 robe (worn)
Scrolls
 e - a scroll of noise {unknown}
 i - a scroll of teleportation {unknown}
 j - a scroll of identify
 l - a scroll of fog {unknown}
Potions
 d - 3 potions of flight
 f - a potion of resistance {unknown}
 g - a potion of cancellation {unknown}
 h - a potion of degeneration


   Skills:
 - Level 1.1 Short Blades
 - Level 2.6 Dodging
 - Level 4.4 Stealth
 + Level 4.1 Spellcasting
 + Level 4.8 Hexes


You had 5 spell levels left.
You knew the following spells:

 Your Spells              Type           Power      Damage    Failure   Level
a - Ensorcelled Hibernat  Hex/Ice        20%        N/A       10%         2
b - Tukima's Dance        Hex            17%        N/A       8%          3

Your spell library contained the following spells:

 Spells                   Type           Power      Damage    Failure   Level
 Confusing Touch          Hex            17%        N/A       8%          3
 Dazzling Flash           Conj/Hex       20%        N/A       21%         3


Dungeon Overview and Level Annotations

Branches:
Dungeon (2/15)

Altars:


Innate Abilities, Weirdness & Mutations

You are very small and have problems with some larger weapons.
You are too small for most types of armour.
You have supernaturally acute eyesight. (SInv)
You cover ground extremely quickly. (Speed+++)


Message History

The gnoll resists with significant effort.
The gnoll throws a throwing net.
The throwing net hits you.
You become entangled in the net!
You struggle against the net.
You struggle against the net.
You struggle against the net.
The gnoll closely misses you.
You struggle against the net.
The gnoll hits you from afar with a +0 spear.
You rip the net and break free!
The gnoll hits you from afar with a +0 spear.
* * * LOW HITPOINT WARNING * * *
There is an escape hatch in the floor here.
You open the door.
Found a scroll labelled AGHOFECAUD.
There is an open door here.
l - a scroll labelled AGHOFECAUD A goblin comes into view.
It is wielding a +0 club.
A rat comes into view.
A goblin comes into view. It is wielding a +0 dagger.
The rat completely misses you.
You closely miss the rat. The rat closely misses you.
You hit the rat. You freeze the rat.
The rat is severely wounded.
The rat bites you.
* * * LOW HITPOINT WARNING * * *
The goblin shouts!
You hear a shout!
You hear an angry hiss.
An adder comes into view.
As you read the scroll labelled KIAGUNNUFU, it crumbles to dust.
It is a scroll of identify.
d - 3 potions of flight The rat bites you but does no damage.
Casting: Tukima's Dance (extremely dangerous; 7% risk of failure)
Confirm with . or Enter, or press ? or * to list all spells.
Okay, then.
You fade into invisibility!
It was a potion of degeneration.
There was something very wrong with that liquid.
You feel weakened.
You feel dopey.
You feel clumsy. The rat bites you.
You die...

##.## #..#
######.#
#.....g##
#.......#
#.....S.##
#........#
#r...g.#.#
#@.g...#..#
#########S#
.. ..


You could see a gnoll, an adder, 2 goblins and a rat.

Vanquished Creatures
  Robin (D:2)
  An adder (D:2)
  10 goblins
  8 hobgoblins
  A jackal (D:1)
  A quokka (D:1)
  3 ball pythons (D:1)
  5 frilled lizards (D:1)
  3 kobolds
  3 rats (D:1)
36 creatures vanquished.

Notes
Turn   | Place    | Note
-------+----------+-------------------------------------------
     0 | D:1      | Pemander the Spriggan Enchanter began the quest for the
                  | Orb.
     0 | D:1      | Reached XP level 1. HP: 9/9 MP: 5/5
   299 | D:1      | Found a faded altar of an unknown god.
   744 | D:1      | Reached XP level 2. HP: 10/13 MP: 7/7
   765 | D:1      | Learned a level 2 spell: Ensorcelled Hibernation
  1087 | D:1      | You fall into a shaft and drop 1 floor!
  1143 | D:2      | Reached XP level 3. HP: 10/16 MP: 2/9
  1358 | D:2      | Noticed Robin
  1508 | D:2      | Killed Robin
  1835 | D:2      | Learned a level 3 spell: Tukima's Dance
  1880 | D:2      | Slain by a rat

Illustrated notes

Levels and vault maps discovered:
D:1:      lightli_arrival_noodles, layout_loops_ring,
          hellmonk_ecumenical_altar_slurped_away, roderic_serpentine_path,
          st_stairs_8, kennysheep_pointless_box, minmay_pentomino_o4
D:2:      layout_basic, serial_shops, shop, minmay_misc_feat_cross, uniq_robin

Skill      XL: |  1  2  3 |
---------------+----------+-----
Spellcasting   | 3 4 |  4.1
Hexes          | 4 |  4.8
Short Blades   | |  1.1
Dodging        | |  2.6
Stealth        | |  4.4

Action                   || total
-------------------------++-------
Melee: Dagger            ||   124
 Cast: Ensorcelled Hiber ||    21
       Tukima's Dance    ||     1
  Use: Potion            ||     2
       Scroll            ||     1
 Stab: Sleeping          ||    20
       Distracted        ||     1
Armor: Robe              ||    11
Dodge: Dodged            ||   101
